 Dungeon Crawl Stone Soup version 0.18-a0-1702-gd20c6a5 (webtiles) character file.

7606 barb4r1an the Blocker (level 10, -8/94 HPs)
             Began as a Minotaur Fighter on Apr 7, 2016.
             Was a Priest of Trog.
             Killed from afar by an oklob plant (11 damage)
             ... with a splash of acid
             ... on level 1 of the Lair of Beasts.
             The game lasted 01:36:41 (8767 turns).

barb4r1an the Blocker (Minotaur Fighter)            Turns: 8767, Time: 01:36:42

Health: -8/94      AC: -1    Str: 23    XL:     10   Next: 98%
Magic:  9/9        EV:  9    Int:  5    God:    Trog [***...]
Gold:   434        SH: 12    Dex: 11    Spells: 0 memorised, 9 levels left

rFire  . . .     SeeInvis .     u - +2 flail (drain)
rCold  + . .     Gourm    .     o - +3 ring mail {rPois}
rNeg   . . .     Faith    .     c - +0 shield
rPois  +         Spirit   .     (helmet unavailable)
rElec  .         Dismiss  .     b - +0 cloak {rPois}
rCorr  .         Reflect  .     h - +1 pair of gloves
SustAt .         Harm     .     (no boots)
MR     .....     Clarity  +     l - amulet of regeneration
Stlth  +.........               g - ring of protection from cold
                                j - ring of poison resistance

@: corroded, not resistant to hostile enchantments, very unstealthy
A: retaliatory headbutt, horns 3, clarity
a: Berserk, Trog's Hand, Burn Spellbooks, Renounce Religion


You were on level 1 of the Lair of Beasts.
You worshipped Trog.
Trog was most pleased with you.
You were not hungry.

You visited 3 branches of the dungeon, and saw 10 of its levels.

You collected 518 gold pieces.
You spent 84 gold pieces at shops.

Inventory:

Hand Weapons
 a - a +0 flail
 u - a +2 flail of draining (weapon)
Missiles
 s - 4 tomahawks of returning
 t - 6 exploding tomahawks (quivered)
Armour
 b - a +0 cloak of poison resistance (worn)
 c - a +0 shield (worn)
 h - a +1 pair of gloves (worn)
 o - a +3 ring mail of poison resistance (worn)
Jewellery
 g - a ring of protection from cold (right hand)
 j - a ring of poison resistance (left hand)
 l - an amulet of regeneration (around neck)
 n - an uncursed amulet of faith
Wands
 f - a wand of iceblast (6/15)
 B - a wand of flame (19/48)
Scrolls
 e - a scroll of immolation
 i - 2 scrolls of enchant armour
 r - a scroll of amnesia
 v - 4 scrolls of remove curse
 w - a scroll of blinking
 y - a scroll of fog {unknown}
Potions
 d - a potion of magic
 k - a potion of might
 m - a potion of degeneration
 p - a potion of flight
 q - 3 potions of brilliance
 C - a potion of heal wounds {unknown}
Miscellaneous
 A - a plain deck of changes {Dowsing}
Comestibles
 x - 2 meat rations
 z - 2 royal jellies
 D - 2 beef jerkies
 E - 26 fruits


   Skills:
 + Level 10.7 Fighting
 + Level 10.3 Maces & Flails
 + Level 10.6 Armour
 + Level 10.8 Shields


You had 9 spell levels left.
You didn't know any spells.

Dungeon Overview and Level Annotations

Branches:
Dungeon (8/15)             Temple (1/1) D:5            Lair (1/8) D:8

Altars:
Ashenzari
Cheibriados
Dithmenos
Elyvilon
Fedhas
Gozag
Kikubaaqudgha
Nemelex Xobeh
Okawaru
Pakellas
Qazlal
Ru
Sif Muna
Trog
Vehumet
Xom
Yredelemnul
Zin
The Shining One

Shops:
D:4 (   D:6 (

Annotations:
Lair:1 exclusion: oklob plant


Innate Abilities, Weirdness & Mutations

You reflexively headbutt those who attack you in melee.
You have a pair of large horns on your head.
You possess an exceptional clarity of mind.


Message History

You hit the oklob plant but do no damage.
You headbutt the oklob plant, but do no damage.
The oklob plant is lightly damaged.
You hit the oklob plant but do no damage.
The oklob plant is lightly damaged.
You hit the oklob plant but do no damage.
You headbutt the oklob plant!
The oklob plant is moderately damaged.
The oklob plant spits acid at you. The splash of acid hits you!
* * * LOW HITPOINT WARNING * * *
The acid burns!
* * * LOW HITPOINT WARNING * * *
Blink to where?
Press: ? - help, Dir - move target cursor, f - you
Okay, then.
Unknown command.
The oklob plant spits acid at you. The splash of acid hits you!
You die...

..........#....#.#..##
♣♣........
..............#####..#
#PP....... ....#........##
##.###.......PP
............##
#..#.##♣...P..
.....#.....P# ##..##
#♣.♣... ............# ##.##
##.... ...>........########
##.## #....
........#....#...))####..##
#....
........###.#.##@..##.....#
#.... .......#
######./P##.....###....
......## #####.......###...
.....##
###..###........#... ....##
###............###....
....#
#..............####...
...## ##..............#
##.. ....##
###...............# #..
.....# ##................##
#P.


You could see an oklob plant.

Vanquished Creatures
  Nergalle (Lair:1)
  A black mamba (Lair:1)
  2 komodo dragons (Lair:1)
  Prince Ribbit (D:5)
  Sigmund (D:5)
  11 yaks (D:8)
  Eustachio (D:5)
  A wyvern (D:8)
  3 basilisks
  2 hippogriffs
  Menkaure (D:5)
  3 water moccasins (Lair:1)
  3 porcupines
  2 sky beasts
  An ice beast (D:6)
  4 wolves (Lair:1)
  3 centaurs
  3 ogres
  4 crocodiles
  3 giant frogs
  A scorpion (D:6)
  A water moccasin skeleton (D:6)
  A crimson imp (D:5)
  A hound (D:7)
  6 orc priests
  Crazy Yiuf (D:5)
  4 centaur skeletons
  8 orc wizards
  6 worker ants
  A hound zombie (D:7)
  11 adders
  6 river rats
  2 shadow imps
  2 oozes
  3 worms
  5 dart slugs
  6 giant geckos
  33 orcs
  3 ball pythons
  2 giant cockroaches
  4 goblins (D:1)
  3 hobgoblins
  7 jackals (D:3)
  3 quokkas
  5 bats
  A giant cockroach zombie (D:4)
  A giant gecko skeleton (D:8)
  A giant gecko zombie (D:5)
  2 giant newts
  2 jackal skeletons
  5 kobolds
  3 rats
  A bush (Lair:1)
192 creatures vanquished.

Vanquished Creatures (others)
  An orc wizard (D:8)
  A fungus (D:8)
  3 plants (D:8)
5 creatures vanquished.

Grand Total: 197 creatures vanquished

Notes
Turn   | Place    | Note
--------------------------------------------------------------
     0 | D:1      | barb4r1an the Minotaur Fighter began the quest for the Orb.
     0 | D:1      | Reached XP level 1. HP: 19/19 MP: 0/0
   507 | D:1      | Reached XP level 2. HP: 27/27 MP: 1/1
  1035 | D:2      | Reached XP level 3. HP: 25/33 MP: 2/2
  1500 | D:2      | Found a shadowy altar of Dithmenos.
  2193 | D:2      | Reached XP level 4. HP: 40/40 MP: 3/3
  2480 | D:3      | Reached skill level 5 in Shields
  2480 | D:3      | Reached XP level 5. HP: 33/47 MP: 4/4
  2713 | D:3      | Found a shattered altar of Ashenzari.
  3303 | D:4      | Reached skill level 5 in Armour
  3379 | D:4      | Reached skill level 5 in Fighting
  3432 | D:4      | Found Qeabo's Antique Weapon Shop.
  3476 | D:4      | Bought a runed flail for 84 gold pieces
  3623 | D:4      | Noticed an ogre
  3632 | D:4      | Killed an ogre
  3632 | D:4      | Reached XP level 6. HP: 29/56 MP: 5/5
  3954 | D:5      | Entered Level 5 of the Dungeon
  3960 | D:5      | Reached skill level 5 in Maces & Flails
  3960 | D:5      | Reached XP level 7. HP: 62/62 MP: 6/6
  3988 | D:5      | Noticed Prince Ribbit
  4019 | D:5      | Killed Prince Ribbit
  4166 | D:5      | Noticed Sigmund
  4185 | D:5      | Killed Sigmund
  4185 | D:5      | Reached XP level 8. HP: 59/71 MP: 7/7
  4277 | D:5      | Found a staircase to the Ecumenical Temple.
  4421 | Temple   | Entered the Ecumenical Temple
  4515 | Temple   | Became a worshipper of Trog the Wrathful
  4879 | D:5      | Noticed Crazy Yiuf
  4889 | D:5      | Killed Crazy Yiuf
  4961 | D:5      | Noticed Menkaure
  4968 | D:5      | Noticed Eustachio
  5127 | D:5      | Killed Eustachio
  5131 | D:5      | Killed Menkaure
  5510 | D:6      | Reached * piety under Trog
  5548 | D:6      | Found Tuanobur's Weapon Emporium.
  5967 | D:7      | Reached XP level 9. HP: 66/81 MP: 8/8
  7258 | D:8      | Reached ** piety under Trog
  7303 | D:8      | Gained mutation: You have a pair of large horns on your head. [potion of mutation]
  7303 | D:8      | Gained mutation: You possess an exceptional clarity of mind. [potion of mutation]
  7459 | D:8      | Reached XP level 10. HP: 68/91 MP: 9/9
  7507 | D:8      | Found a staircase to the Lair.
  7535 | Lair:1   | Entered Level 1 of the Lair of Beasts
  7539 | Lair:1   | Reached skill level 10 in Shields
  7593 | Lair:1   | Reached skill level 10 in Fighting
  7608 | Lair:1   | Noticed Nergalle
  7618 | Lair:1   | Killed Nergalle
  7618 | Lair:1   | Reached skill level 10 in Armour
  7761 | Lair:1   | Reached *** piety under Trog
  8007 | Lair:1   | Reached skill level 10 in Maces & Flails
  8447 | Lair:1   | Noticed a black mamba
  8459 | Lair:1   | Killed a black mamba
  8737 | Lair:1   | Noticed an oklob plant
  8766 | Lair:1   | HP: 3/94 [acid (13)]
  8767 | Lair:1   | Killed from afar by an oklob plant

Vault maps used:
D:1:      minmay_arrival_wavy_path, supply_closet_lemuel
D:2:      first_bread, nicolae_dithmenos_shadow_blocks
D:3:      ashenzari_conservatory_becter, minmay_tree_intersection
D:4:      serial_shops, shop
D:5:      minmay_temple_entry_overgrown, uniq_eustachio, uniq_menkaure,
          uniq_prince_ribbit1, uniq_crazy_yiuf_cottage, uniq_sigmund
D:6:      wad_pebble_path, serial_shops, kennysheep_mini_moat
D:7:      amalloy_card_club
D:8:      minmay_lair_entry_grove, basic_altar
Temple:   kilobyte_greek_temple_18
Lair:1:   minmay_lair_oklob_items, nicolae_quartered_pool_medium,
          grunt_forest_large_clearings, uniq_nergalle

Skill      XL: |  1  2  3  4  5  6  7  8  9 10 |
---------------+-------------------------------+-----
Shields        | 4 5 6 8 9 10 | 10.8
Maces & Flails | 3 4 5 6 7 8 10 | 10.3
Armour         | 4 5 6 7 9 10 | 10.6
Fighting       | 4 5 6 8 9 10 | 10.7

Action                   |  1- 3 |  4- 6 |  7- 9 | 10-12 || total
-------------------------+-------+-------+-------+-------++-------
Melee: Flail             |    94 |    84 |   192 |   141 ||   511
       Trident           |       |    54 |   175 |       ||   229
Throw: Tomahawk          |       |     1 |       |       ||     1
Invok: Berserk           |       |       |       |     1 ||     1
  Use: Scroll            |     2 |     7 |    15 |       ||    24
       Potion            |       |     1 |     4 |       ||     5
  Eat: Bread ration      |     1 |     1 |     2 |       ||     4
       Beef jerky        |       |       |     3 |       ||     3
       Meat ration       |       |       |       |     1 ||     1
